[Event "ESTCC 65 2019"]
[Site "Mali Losinj"]
[Date "2019.09.26"]
[Round "9.2"]
[White "Kalegin, Evgenij"]
[Black "Van Herck, Marcel"]
[Result "1-0"]
[ECO "B17"]
[WhiteElo "2435"]
[BlackElo "2088"]
[Annotator "NA"]
[PlyCount "45"]
[EventDate "2019.09.18"]
[EventType "team-tourn"]
[EventCountry "CRO"]
[SourceTitle "playchess.com"]
[Source "ChessBase"]
[SourceQuality "1"]
[WhiteTeam "Russia"]
[BlackTeam "Belgium"]
[WhiteTeamCountry "RUS"]
[BlackTeamCountry "BEL"]
[TimeControl "40/5400+30:1800+30"]

1. e4 c6 2. d4 d5 3. Nc3 dxe4 4. Nxe4 Nd7 5. Ng5 h6 6. Ne6 Qb6 7. Bd2 Ngf6 8. Bd3 fxe6 9. Bg6+ Kd8 10. Nf3 e5 11. dxe5 e6 12. exf6 gxf6 13. O-O Bd6 14. Bc3 Ke7 15. Re1 Nf8 16. Nh4 e5 17. Bf5 Bc5 18. Qf3 Bd4 19. Bxc8 Bxc3 20. Nf5+ Kd8 21. bxc3 Kxc8 22. Nd6+ Kc7 23. Rab1 1-0

[Event "ESTCC 65 2019"]
[Site "Mali Losinj"]
[Date "2019.09.26"]
[Round "9.3"]
[White "Van de Wynkele, Herman"]
[Black "Zhelnin, Vladimir V"]
[Result "0-1"]
[ECO "B99"]
[WhiteElo "2085"]
[BlackElo "2406"]
[Annotator "NA"]
[PlyCount "101"]
[EventDate "2019.09.18"]
[EventType "team-tourn"]
[EventCountry "CRO"]
[SourceTitle "playchess.com"]
[Source "ChessBase"]
[SourceQuality "1"]
[WhiteTeam "Belgium"]
[BlackTeam "Russia"]
[WhiteTeamCountry "BEL"]
[BlackTeamCountry "RUS"]
[TimeControl "40/5400+30:1800+30"]

1. e4 c5 2. Nf3 d6 3. d4 cxd4 4. Nxd4 Nf6 5. Nc3 a6 6. Bg5 e6 7. f4 Be7 8. Qf3 Qc7 9. O-O-O Nbd7 10. f5 e5 11. Nde2 b5 12. Bxf6 Nxf6 13. Nd5 Nxd5 14. exd5 e4 15. Qxe4 O-O 16. Nf4 Bf6 17. Bd3 Be5 18. Kb1 Re8 19. Rhf1 Qa5 20. f6 g6 21. Ne6 Ra7 22. Ng5 Qa4 23. Qxa4 bxa4 24. Rde1 Bd7 25. Ne4 Rb8 26. b3 axb3 27. cxb3 a5 28. Nc5 Be8 29. Bc4 a4 30. Nd3 axb3 31. Bxb3 Bxh2 32. Rh1 Bb5 33. Rxh2 Bxd3+ 34. Kb2 Bf5 35. Rh6 Ra4 36. Rhh1 h5 37. Re2 Rg4 38. Rhe1 g5 39. Ka3 h4 40. Rf2 Bg6 41. Re7 Kh7 42. Rd7 Rb6 43. Re2 Rf4 44. Re6 Ra6+ 45. Kb2 Rf2+ 46. Kc3 Rxg2 47. Re1 g4 48. Rd8 h3 49. Ree8 Kh6 50. Rg8 Kg5 51. Bc4 0-1

[Event "ESTCC 65 2019"]
[Site "Mali Losinj"]
[Date "2019.09.26"]
[Round "9.4"]
[White "Pushkov, Nikolai"]
[Black "Schrickx, Frank"]
[Result "1-0"]
[ECO "D36"]
[WhiteElo "2261"]
[BlackElo "1813"]
[Annotator "NA"]
[PlyCount "71"]
[EventDate "2019.09.18"]
[EventType "team-tourn"]
[EventCountry "CRO"]
[SourceTitle "playchess.com"]
[Source "ChessBase"]
[SourceQuality "1"]
[WhiteTeam "Russia"]
[BlackTeam "Belgium"]
[WhiteTeamCountry "RUS"]
[BlackTeamCountry "BEL"]
[TimeControl "40/5400+30:1800+30"]

1. d4 d5 2. Nf3 Nf6 3. c4 e6 4. Nc3 Nbd7 5. Bg5 c6 6. cxd5 exd5 7. e3 Be7 8. Bd3 O-O 9. Qc2 Re8 10. O-O Nf8 11. Rab1 a6 12. b4 N6d7 13. Bxe7 Qxe7 14. a4 b5 15. a5 Bb7 16. Rfe1 Nf6 17. Ne5 g6 18. Na2 Rac8 19. f3 N8d7 20. Nxd7 Qxd7 21. Nc1 Qd6 22. Nb3 Nd7 23. Qc3 f5 24. Rbc1 Re6 25. e4 fxe4 26. fxe4 dxe4 27. Rxe4 Rce8 28. Rce1 Rxe4 29. Rxe4 Rxe4 30. Bxe4 Qf4 31. Bf3 Qf5 32. h3 Nf6 33. Nc5 Bc8 34. Bxc6 Qb1+ 35. Kh2 Bf5 36. Qb3+ 1-0

[Event "ESTCC 65 2019"]
[Site "Mali Losinj"]
[Date "2019.09.26"]
[Round "9.5"]
[White "Rantanen, Yrjo A."]
[Black "Huss, Andreas"]
[Result "1/2-1/2"]
[ECO "E13"]
[WhiteElo "2309"]
[BlackElo "2261"]
[Annotator "NA"]
[PlyCount "60"]
[EventDate "2019.09.18"]
[EventType "team-tourn"]
[EventCountry "CRO"]
[SourceTitle "playchess.com"]
[Source "ChessBase"]
[SourceQuality "1"]
[WhiteTeam "Finland"]
[BlackTeam "Switzerland"]
[WhiteTeamCountry "FIN"]
[BlackTeamCountry "SUI"]
[TimeControl "40/5400+30:1800+30"]

1. d4 e6 2. c4 Nf6 3. Nf3 b6 4. Nc3 Bb4 5. Bg5 h6 6. Bh4 Bb7 7. Nd2 c5 8. a3 Bxc3 9. bxc3 d6 10. f3 e5 11. e3 Qe7 12. d5 Nbd7 13. Bd3 g5 14. Bf2 Nh5 15. Qc2 Ng7 16. a4 a5 17. O-O-O O-O-O 18. h4 Rdf8 19. g4 Kc7 20. Rdg1 Bc8 21. Rg2 Qe8 22. Ne4 f6 23. Rgh2 gxh4 24. Rxh4 h5 25. Ng3 hxg4 26. Rh7 Rxh7 27. Rxh7 Rg8 28. Bg6 Qf8 29. fxg4 Rh8 30. Bh5 f5 1/2-1/2

[Event "ESTCC 65 2019"]
[Site "Mali Losinj"]
[Date "2019.09.26"]
[Round "9.6"]
[White "Vucenovic, Dragomir"]
[Black "Westerinen, Heikki M.J."]
[Result "1/2-1/2"]
[ECO "E60"]
[WhiteElo "2154"]
[BlackElo "2296"]
[Annotator "NA"]
[PlyCount "61"]
[EventDate "2019.09.18"]
[EventType "team-tourn"]
[EventCountry "CRO"]
[SourceTitle "playchess.com"]
[Source "ChessBase"]
[SourceQuality "1"]
[WhiteTeam "Switzerland"]
[BlackTeam "Finland"]
[WhiteTeamCountry "SUI"]
[BlackTeamCountry "FIN"]
[TimeControl "40/5400+30:1800+30"]

1. d4 Nf6 2. Nf3 g6 3. g3 Bg7 4. Bg2 O-O 5. O-O d6 6. c4 Nc6 7. b3 Ne4 8. Bb2 f5 9. e3 e5 10. d5 Ne7 11. Nc3 Nxc3 12. Bxc3 h6 13. Ne1 g5 14. f4 Ng6 15. Qh5 Kh7 16. Nd3 Qe7 17. Rae1 gxf4 18. exf4 e4 19. Bxg7 Qxg7 20. Nf2 Bd7 21. Nd1 Rae8 22. Ne3 Qf6 23. Kh1 Re7 24. Bh3 Ref7 25. Rf2 Qc3 26. Qe2 Re7 27. Qd2 Qxd2 28. Rxd2 h5 29. Rf2 Kg7 30. Rg1 Kf6 31. Bf1 1/2-1/2

[Event "ESTCC 65 2019"]
[Site "Mali Losinj"]
[Date "2019.09.26"]
[Round "9.7"]
[White "Kivimaki, Jaakko"]
[Black "Hohler, Peter"]
[Result "1/2-1/2"]
[ECO "E11"]
[WhiteElo "2195"]
[BlackElo "2047"]
[Annotator "NA"]
[PlyCount "60"]
[EventDate "2019.09.18"]
[EventType "team-tourn"]
[EventCountry "CRO"]
[SourceTitle "playchess.com"]
[Source "ChessBase"]
[SourceQuality "1"]
[WhiteTeam "Finland"]
[BlackTeam "Switzerland"]
[WhiteTeamCountry "FIN"]
[BlackTeamCountry "SUI"]
[TimeControl "40/5400+30:1800+30"]

1. d4 Nf6 2. Nf3 d5 3. c4 e6 4. e3 Bb4+ 5. Nbd2 O-O 6. a3 Be7 7. Bd3 Nbd7 8. O-O c5 9. Qe2 cxd4 10. exd4 dxc4 11. Nxc4 Nb6 12. Nxb6 Qxb6 13. Be3 Qd6 14. Ne5 Bd7 15. Nxd7 Qxd7 16. Rac1 Rfc8 17. Qf3 Rxc1 18. Rxc1 Rc8 19. Qd1 Nd5 20. Qd2 a6 21. Rc2 Rc7 22. Rxc7 Qxc7 23. Qc2 Qxc2 24. Bxc2 h6 25. Kf1 Kf8 26. Ke2 Ke8 27. Bd2 Kd7 28. Kd3 b5 29. g3 Kc6 30. Bd1 Bd8 1/2-1/2

[Event "ESTCC 65 2019"]
[Site "Mali Losinj"]
[Date "2019.09.26"]
[Round "9.8"]
[White "Staechelin, Ruedi"]
[Black "Vinke, Dietmar"]
[Result "1/2-1/2"]
[ECO "B10"]
[WhiteElo "2002"]
[BlackElo "2129"]
[Annotator "NA"]
[PlyCount "60"]
[EventDate "2019.09.18"]
[EventType "team-tourn"]
[EventCountry "CRO"]
[SourceTitle "playchess.com"]
[Source "ChessBase"]
[SourceQuality "1"]
[WhiteTeam "Switzerland"]
[BlackTeam "Finland"]
[WhiteTeamCountry "SUI"]
[BlackTeamCountry "FIN"]
[TimeControl "40/5400+30:1800+30"]

1. e4 c6 2. d3 g6 3. Nd2 Bg7 4. g3 e5 5. Bg2 Ne7 6. Ne2 O-O 7. O-O d6 8. c3 Be6 9. d4 Qd7 10. dxe5 dxe5 11. Nb3 Bc4 12. Qxd7 Nxd7 13. Re1 b6 14. Be3 Nf6 15. f3 Rad8 16. Kf2 Rd6 17. Red1 Rfd8 18. Ke1 Nc8 19. Bh3 Ne7 20. Rxd6 Rxd6 21. Rd1 Ne8 22. Nec1 Rxd1+ 23. Kxd1 Nd6 24. Nd2 Ba6 25. b3 f5 26. Kc2 c5 27. Bg2 Kf7 28. a4 fxe4 29. fxe4 Ng8 30. Nd3 Bxd3+ 1/2-1/2

[Event "ESTCC 65 2019"]
[Site "Mali Losinj"]
[Date "2019.09.26"]
[Round "9.9"]
[White "Werner, Clemens"]
[Black "Singer, Hans"]
[Result "1-0"]
[ECO "B11"]
[WhiteElo "2286"]
[BlackElo "2184"]
[Annotator "NA"]
[PlyCount "43"]
[EventDate "2019.09.18"]
[EventType "team-tourn"]
[EventCountry "CRO"]
[SourceTitle "playchess.com"]
[Source "ChessBase"]
[SourceQuality "1"]
[WhiteTeam "Germany"]
[BlackTeam "Austria"]
[WhiteTeamCountry "GER"]
[BlackTeamCountry "AUT"]
[TimeControl "40/5400+30:1800+30"]

1. e4 c6 2. Nc3 d5 3. Nf3 dxe4 4. Nxe4 Nf6 5. Qe2 Nxe4 6. Qxe4 Qd5 7. Qh4 Bf5 8. Bc4 Qe4+ 9. Qxe4 Bxe4 10. Bxf7+ Kd8 11. d3 Bxf3 12. gxf3 g6 13. h4 Bg7 14. h5 gxh5 15. Rxh5 Nd7 16. Be6 Nf8 17. Bf5 e6 18. Be4 Kd7 19. c3 Ng6 20. Be3 e5 21. Kd2 Bf6 22. Rah1 1-0

[Event "ESTCC 65 2019"]
[Site "Mali Losinj"]
[Date "2019.09.26"]
[Round "9.10"]
[White "Woeber, Friedrich"]
[Black "Kierzek, Matthias"]
[Result "1/2-1/2"]
[ECO "D00"]
[WhiteElo "2126"]
[BlackElo "2186"]
[Annotator "NA"]
[PlyCount "65"]
[EventDate "2019.09.18"]
[EventType "team-tourn"]
[EventCountry "CRO"]
[SourceTitle "playchess.com"]
[Source "ChessBase"]
[SourceQuality "1"]
[WhiteTeam "Austria"]
[BlackTeam "Germany"]
[WhiteTeamCountry "AUT"]
[BlackTeamCountry "GER"]
[TimeControl "40/5400+30:1800+30"]

1. d4 d5 2. Bf4 Nf6 3. e3 c5 4. c3 Nc6 5. Nd2 Qb6 6. Qb3 c4 7. Qc2 Qa5 8. Ngf3 b5 9. e4 e6 10. Be2 Be7 11. O-O O-O 12. Rfe1 Bd7 13. b4 Qb6 14. Ne5 Nxe5 15. Bxe5 a5 16. a3 axb4 17. axb4 Qb7 18. Bf3 Rxa1 19. Rxa1 Ra8 20. Rxa8+ Qxa8 21. Bxf6 Bxf6 22. exd5 exd5 23. Nf1 Be6 24. Ne3 Qa1+ 25. Bd1 Bg5 26. h3 g6 27. Kh2 Bf4+ 28. g3 Bxe3 29. fxe3 Bf5 30. Qd2 Be4 31. g4 g5 32. Kg3 Qa6 33. Bf3 1/2-1/2

[Event "ESTCC 65 2019"]
[Site "Mali Losinj"]
[Date "2019.09.26"]
[Round "9.11"]
[White "Herbrechtsmeier, Christof"]
[Black "Titz, Heimo"]
[Result "1-0"]
[ECO "B49"]
[WhiteElo "2210"]
[BlackElo "1971"]
[Annotator "NA"]
[PlyCount "37"]
[EventDate "2019.09.18"]
[EventType "team-tourn"]
[EventCountry "CRO"]
[SourceTitle "playchess.com"]
[Source "ChessBase"]
[SourceQuality "1"]
[WhiteTeam "Germany"]
[BlackTeam "Austria"]
[WhiteTeamCountry "GER"]
[BlackTeamCountry "AUT"]
[TimeControl "40/5400+30:1800+30"]

1. e4 c5 2. Nf3 Nc6 3. d4 cxd4 4. Nxd4 e6 5. Nc3 Qc7 6. Be2 Nf6 7. O-O a6 8. Be3 Nxd4 9. Qxd4 Bd6 10. f4 e5 11. Qd2 exf4 12. Bxf4 Bxf4 13. Rxf4 O-O 14. Raf1 Qc5+ 15. Kh1 d6 16. Rxf6 gxf6 17. Nd5 Kg7 18. b4 Qa7 19. Qc3 1-0

[Event "ESTCC 65 2019"]
[Site "Mali Losinj"]
[Date "2019.09.26"]
[Round "9.12"]
[White "Strobel, Ferdinand"]
[Black "Kiefer, Gerhard"]
[Result "1/2-1/2"]
[ECO "A02"]
[WhiteElo "1956"]
[BlackElo "2227"]
[Annotator "NA"]
[PlyCount "61"]
[EventDate "2019.09.18"]
[EventType "team-tourn"]
[EventCountry "CRO"]
[SourceTitle "playchess.com"]
[Source "ChessBase"]
[SourceQuality "1"]
[WhiteTeam "Austria"]
[BlackTeam "Germany"]
[WhiteTeamCountry "AUT"]
[BlackTeamCountry "GER"]
[TimeControl "40/5400+30:1800+30"]

1. f4 e5 2. fxe5 d6 3. exd6 Bxd6 4. Nf3 Nf6 5. d4 O-O 6. Bg5 Re8 7. g3 Nbd7 8. Bg2 h6 9. Bd2 c5 10. c3 Ng4 11. O-O Ndf6 12. Na3 cxd4 13. cxd4 Ne4 14. Nc4 Bc7 15. Rc1 Be6 16. b3 Bd5 17. Nb2 Nxd2 18. Qxd2 Ne3 19. Rf2 Bb6 20. Na4 Nxg2 21. Nxb6 axb6 22. Rxg2 Qe7 23. Rf2 Qe4 24. Qd3 Rxa2 25. Qxe4 Rxe4 26. e3 Ra3 27. Rc3 Rxb3 28. Rc8+ Kh7 29. Nd2 Rbxe3 30. Nxe4 Rxe4 31. Rd2 1/2-1/2

[Event "ESTCC 65 2019"]
[Site "Mali Losinj"]
[Date "2019.09.26"]
[Round "9.13"]
[White "Wahlbom, Magnus"]
[Black "Kolbak, Jens"]
[Result "0-1"]
[ECO "D34"]
[WhiteElo "2255"]
[BlackElo "2173"]
[Annotator "NA"]
[PlyCount "102"]
[EventDate "2019.09.18"]
[EventType "team-tourn"]
[EventCountry "CRO"]
[SourceTitle "playchess.com"]
[Source "ChessBase"]
[SourceQuality "1"]
[WhiteTeam "Sweden"]
[BlackTeam "Denmark"]
[WhiteTeamCountry "SWE"]
[BlackTeamCountry "DEN"]
[TimeControl "40/5400+30:1800+30"]

1. d4 d5 2. c4 e6 3. Nc3 c5 4. cxd5 exd5 5. Nf3 Nc6 6. g3 Nf6 7. Bg2 Be7 8. O-O O-O 9. Be3 c4 10. Ne5 Be6 11. h3 Qa5 12. f4 Rad8 13. Kh2 Nxe5 14. dxe5 Ne4 15. Nxe4 dxe4 16. Qc2 f5 17. exf6 Bxf6 18. Bxe4 h6 19. a3 b5 20. Rad1 b4 21. axb4 Qxb4 22. Bc1 a5 23. Bc6 Qb3 24. Qxb3 cxb3 25. Kg2 Rc8 26. Bd5 Bxd5+ 27. Rxd5 a4 28. Rfd1 Rc2 29. Ra5 Rfc8 30. Rxa4 Rxc1 31. Rxc1 Rxc1 32. Rb4 Rc2 33. Rxb3 Rxe2+ 34. Kf3 Rxb2 35. Rd3 Kf7 36. h4 h5 37. Rd5 Rb3+ 38. Kg2 Kg6 39. Ra5 Rc3 40. Rb5 Be7 41. Re5 Bf6 42. Rb5 Kh6 43. Rb6 Rc5 44. Rb8 Kg6 45. Rh8 Rc2+ 46. Kf3 Rc3+ 47. Kg2 Rd3 48. Kh3 Rd5 49. Kg2 Rd8 50. f5+ Kxf5 51. Rxh5+ Kg4 0-1

[Event "ESTCC 65 2019"]
[Site "Mali Losinj"]
[Date "2019.09.26"]
[Round "9.14"]
[White "Olesen, Poul Erik Norgaard"]
[Black "Hammar, Bengt"]
[Result "0-1"]
[ECO "B85"]
[WhiteElo "1996"]
[BlackElo "2161"]
[Annotator "NA"]
[PlyCount "68"]
[EventDate "2019.09.18"]
[EventType "team-tourn"]
[EventCountry "CRO"]
[SourceTitle "playchess.com"]
[Source "ChessBase"]
[SourceQuality "1"]
[WhiteTeam "Denmark"]
[BlackTeam "Sweden"]
[WhiteTeamCountry "DEN"]
[BlackTeamCountry "SWE"]
[TimeControl "40/5400+30:1800+30"]

1. e4 c5 2. Nf3 d6 3. d4 cxd4 4. Nxd4 Nf6 5. Nc3 a6 6. a4 e6 7. Be2 Be7 8. Be3 Nc6 9. O-O O-O 10. f4 Qc7 11. Qd2 Nxd4 12. Bxd4 e5 13. Be3 exf4 14. Bxf4 Be6 15. Bf3 Nd7 16. Nd5 Bxd5 17. exd5 Bf6 18. c3 Be5 19. Be3 g6 20. Kh1 Rae8 21. Rae1 Bg7 22. Bd4 Bxd4 23. Qxd4 Ne5 24. Bd1 Re7 25. h3 Rfe8 26. Bc2 Qd8 27. Ra1 Nd7 28. a5 Re2 29. Ba4 R8e4 30. Qd1 Qg5 31. Rg1 Ne5 32. Bc2 R4e3 33. Rc1 Qg3 34. Qd4 Qxh3+ 0-1

[Event "ESTCC 65 2019"]
[Site "Mali Losinj"]
[Date "2019.09.26"]
[Round "9.15"]
[White "Malmdin, Nils-Ake"]
[Black "Jorgensen, Arne Bjorn"]
[Result "1/2-1/2"]
[ECO "C00"]
[WhiteElo "2142"]
[BlackElo "1996"]
[Annotator "NA"]
[PlyCount "61"]
[EventDate "2019.09.18"]
[EventType "team-tourn"]
[EventCountry "CRO"]
[SourceTitle "playchess.com"]
[Source "ChessBase"]
[SourceQuality "1"]
[WhiteTeam "Sweden"]
[BlackTeam "Denmark"]
[WhiteTeamCountry "SWE"]
[BlackTeamCountry "DEN"]
[TimeControl "40/5400+30:1800+30"]

1. Nf3 d5 2. g3 c5 3. Bg2 Nc6 4. d3 Nf6 5. O-O e6 6. Nbd2 Be7 7. e4 O-O 8. Re1 b5 9. Qe2 Bb7 10. e5 Nd7 11. Nf1 a5 12. h4 b4 13. N1h2 Ba6 14. Bg5 c4 15. dxc4 Bxc4 16. Qd1 Rc8 17. Ng4 Re8 18. Bxe7 Nxe7 19. Ne3 Ba6 20. h5 Qc7 21. h6 Ng6 22. hxg7 Ndxe5 23. Nxe5 Qxe5 24. Nxd5 Qxg7 25. Ne3 Rb8 26. Qh5 Rb5 27. Qd1 Reb8 28. a4 bxa3 29. bxa3 R5b6 30. Qh5 Rb5 31. Qd1 1/2-1/2

[Event "ESTCC 65 2019"]
[Site "Mali Losinj"]
[Date "2019.09.26"]
[Round "9.16"]
[White "Mortensen, Steen Juul"]
[Black "Friberg, Hans"]
[Result "0-1"]
[ECO "D17"]
[WhiteElo "1892"]
[BlackElo "2119"]
[Annotator "NA"]
[PlyCount "54"]
[EventDate "2019.09.18"]
[EventType "team-tourn"]
[EventCountry "CRO"]
[SourceTitle "playchess.com"]
[Source "ChessBase"]
[SourceQuality "1"]
[WhiteTeam "Denmark"]
[BlackTeam "Sweden"]
[WhiteTeamCountry "DEN"]
[BlackTeamCountry "SWE"]
[TimeControl "40/5400+30:1800+30"]

1. d4 d5 2. Nf3 Nf6 3. c4 c6 4. Nc3 dxc4 5. a4 Bf5 6. Ne5 e6 7. Nxc4 Bb4 8. Bg5 h6 9. Bxf6 Qxf6 10. g3 Be4 11. f3 Bh7 12. Kf2 O-O 13. Kg2 Rd8 14. Qb3 Qe7 15. Rd1 c5 16. e3 cxd4 17. exd4 Na6 18. Bd3 Bxd3 19. Rxd3 Bxc3 20. bxc3 Rac8 21. Rhd1 b6 22. Ne5 Qd6 23. R1d2 Rc7 24. Qb5 Nb8 25. a5 bxa5 26. Qxa5 Nc6 27. c4 Nxa5 0-1

[Event "ESTCC 65 2019"]
[Site "Mali Losinj"]
[Date "2019.09.26"]
[Round "9.17"]
[White "Vadlja, Stjepan"]
[Black "Beilfuss, Wilfried"]
[Result "0-1"]
[ECO "A56"]
[WhiteElo "1636"]
[BlackElo "2192"]
[Annotator "NA"]
[PlyCount "86"]
[EventDate "2019.09.18"]
[EventType "team-tourn"]
[EventCountry "CRO"]
[SourceTitle "playchess.com"]
[Source "ChessBase"]
[SourceQuality "1"]
[WhiteTeam "Croatia"]
[BlackTeam "Germany"]
[WhiteTeamCountry "CRO"]
[BlackTeamCountry "GER"]
[TimeControl "40/5400+30:1800+30"]

1. d4 Nf6 2. c4 c5 3. Nc3 cxd4 4. Qxd4 Nc6 5. Qd1 e6 6. Nf3 Bb4 7. Qc2 d5 8. e3 Ne4 9. a3 Qa5 10. Bd2 Nxd2 11. Nxd2 Bxc3 12. bxc3 dxc4 13. Nxc4 Qc5 14. Bd3 h6 15. O-O O-O 16. Nd2 Rd8 17. Nb3 Qe7 18. Rfd1 Bd7 19. Be4 Rac8 20. Nd4 Na5 21. Ne2 Bb5 22. Rxd8+ Rxd8 23. Nd4 Bc4 24. Bf3 Rc8 25. Qa4 Qc7 26. Rc1 a6 27. Qb4 g6 28. h3 e5 29. Ne2 e4 30. Nd4 exf3 31. Nxf3 Rd8 32. Nd4 Bd5 33. Ne2 Nc6 34. Qh4 Kh7 35. g4 Qe7 36. Qg3 Qe4 37. Kf1 Bc4 38. Re1 Rd2 39. f3 Qxe3 40. Qf2 Qd3 41. h4 Ne5 42. g5 Nxf3 43. gxh6 Nxe1 0-1

[Event "ESTCC 65 2019"]
[Site "Mali Losinj"]
[Date "2019.09.26"]
[Round "9.19"]
[White "Novak, Stjepan"]
[Black "Mueller, Gerhard"]
[Result "0-1"]
[ECO "B40"]
[WhiteElo "1503"]
[BlackElo "2104"]
[Annotator "NA"]
[PlyCount "106"]
[EventDate "2019.09.18"]
[EventType "team-tourn"]
[EventCountry "CRO"]
[SourceTitle "playchess.com"]
[Source "ChessBase"]
[SourceQuality "1"]
[WhiteTeam "Croatia"]
[BlackTeam "Germany"]
[WhiteTeamCountry "CRO"]
[BlackTeamCountry "GER"]
[TimeControl "40/5400+30:1800+30"]

1. e4 c5 2. Bc4 e6 3. Nf3 a6 4. O-O b5 5. Be2 Bb7 6. d3 Be7 7. a4 Nc6 8. axb5 axb5 9. Rxa8 Qxa8 10. c3 d6 11. h3 Nf6 12. Nh2 d5 13. f3 d4 14. Na3 Ba6 15. f4 O-O 16. e5 Nd5 17. c4 bxc4 18. dxc4 Nc7 19. Bf3 Bb7 20. Bxc6 Bxc6 21. Rf2 Qa4 22. Qxa4 Bxa4 23. Nf1 f5 24. Kh2 Rb8 25. Nd2 Na6 26. Rf1 Bd8 27. Ndb1 Nb4 28. Nd2 Nd3 29. Kg3 Ba5 30. Nab1 Nxc1 31. Rxc1 Rxb2 32. Nf3 h6 33. Na3 d3 34. Rb1 d2 35. Nxd2 Rxd2 36. Nb5 Rd3+ 37. Kh2 Rb3 38. Ra1 Bxb5 39. Rxa5 Bxc4 40. Rxc5 Bd5 41. Rc2 Ra3 42. Rf2 Ra2 43. Kg3 Rxf2 44. Kxf2 Kf7 45. g4 Be4 46. Kg3 g6 47. h4 h5 48. g5 Ke7 49. Kf2 Kd7 50. Ke3 Kc6 51. Kd4 Kb5 52. Ke3 Kc4 53. Kf2 Kd3 0-1

[Event "ESTCC 65 2019"]
[Site "Mali Losinj"]
[Date "2019.09.26"]
[Round "9.20"]
[White "Thoele, Wolfgang"]
[Black "Petanjek, Zvonko"]
[Result "1/2-1/2"]
[ECO "C50"]
[WhiteElo "1865"]
[BlackElo "1650"]
[Annotator "NA"]
[PlyCount "84"]
[EventDate "2019.09.18"]
[EventType "team-tourn"]
[EventCountry "CRO"]
[SourceTitle "playchess.com"]
[Source "ChessBase"]
[SourceQuality "1"]
[WhiteTeam "Germany"]
[BlackTeam "Croatia"]
[WhiteTeamCountry "GER"]
[BlackTeamCountry "CRO"]
[TimeControl "40/5400+30:1800+30"]

1. e4 e5 2. Nf3 Nc6 3. Bc4 Bc5 4. d3 h6 5. O-O d6 6. h3 a6 7. a4 Be6 8. Bxe6 fxe6 9. c3 Nf6 10. b4 Ba7 11. Qb3 Qe7 12. Nbd2 O-O 13. Nc4 b5 14. Ne3 Nh5 15. axb5 axb5 16. Ng4 Nf6 17. Nxf6+ Qxf6 18. Be3 Bxe3 19. fxe3 Qe7 20. Ra2 Rxa2 21. Qxa2 Rb8 22. Ra1 Kh7 23. Qc2 Kh8 24. Ra6 Nd8 25. d4 Nf7 26. Ra7 Qd8 27. Qa2 Qc8 28. Ra5 exd4 29. exd4 Nd8 30. Qe2 c6 31. e5 d5 32. Nh4 Nb7 33. Ng6+ Kh7 34. Qd3 Qe8 35. Nf4+ Kg8 36. Ra7 Nd8 37. Qg3 Rb7 38. Ra8 Rd7 39. Qg4 Kh7 40. Nh5 Qg6 41. Qxg6+ Kxg6 42. Nf4+ Kf5 1/2-1/2

[Event "ESTCC 65 2019"]
[Site "Mali Losinj"]
[Date "2019.09.26"]
[Round "9.21"]
[White "Peltola, Leo"]
[Black "Hutchinson, Paul A"]
[Result "0-1"]
[ECO "B01"]
[WhiteElo "1966"]
[BlackElo "2124"]
[Annotator "NA"]
[PlyCount "90"]
[EventDate "2019.09.18"]
[EventType "team-tourn"]
[EventCountry "CRO"]
[SourceTitle "playchess.com"]
[Source "ChessBase"]
[SourceQuality "1"]
[WhiteTeam "Finland"]
[BlackTeam "England"]
[WhiteTeamCountry "FIN"]
[BlackTeamCountry "ENG"]
[TimeControl "40/5400+30:1800+30"]

1. e4 d5 2. exd5 Qxd5 3. Nc3 Qd6 4. d4 Nf6 5. Nf3 Nc6 6. Nb5 Qd8 7. Bf4 Nd5 8. Bg3 a6 9. Nc3 Bg4 10. Be2 e6 11. Nxd5 exd5 12. O-O Bd6 13. Ne5 Bxe2 14. Qxe2 O-O 15. Nxc6 bxc6 16. Qf3 Rb8 17. b3 Ba3 18. Rad1 a5 19. h4 a4 20. h5 h6 21. Be5 Bd6 22. Rfe1 Qd7 23. Re3 axb3 24. axb3 Rbe8 25. Rde1 f6 26. Bxd6 cxd6 27. Rxe8 Rxe8 28. Rxe8+ Qxe8 29. Qf5 Kf8 30. Kf1 Ke7 31. g4 Qa8 32. Kg2 Qe8 33. Qf4 Kd7 34. Qe3 Qxe3 35. fxe3 Ke6 36. Kf3 f5 37. Kf4 fxg4 38. Kxg4 Kf6 39. c4 dxc4 40. bxc4 g6 41. hxg6 Kxg6 42. e4 Kf6 43. Kh5 c5 44. e5+ Ke6 45. dxc5 dxc5 0-1

[Event "ESTCC 65 2019"]
[Site "Mali Losinj"]
[Date "2019.09.26"]
[Round "9.22"]
[White "Hewson, Brian W R"]
[Black "Karppinen, Martti"]
[Result "1-0"]
[ECO "D02"]
[WhiteElo "2074"]
[BlackElo "1925"]
[Annotator "NA"]
[PlyCount "123"]
[EventDate "2019.09.18"]
[EventType "team-tourn"]
[EventCountry "CRO"]
[SourceTitle "playchess.com"]
[Source "ChessBase"]
[SourceQuality "1"]
[WhiteTeam "England"]
[BlackTeam "Finland"]
[WhiteTeamCountry "ENG"]
[BlackTeamCountry "FIN"]
[TimeControl "40/5400+30:1800+30"]

1. Nf3 d5 2. g3 Nc6 3. d4 Bf5 4. Bg2 e6 5. Nh4 Bg6 6. Nxg6 hxg6 7. c3 Nf6 8. Bg5 Be7 9. Nd2 Ng4 10. Bxe7 Qxe7 11. e4 f5 12. h3 Nf6 13. e5 Nd7 14. Qe2 Nb6 15. a4 a5 16. Qd3 Rd8 17. Ke2 Kf7 18. f4 g5 19. Nf3 gxf4 20. gxf4 Rh6 21. Ng5+ Ke8 22. b3 Rh4 23. Qg3 Rh6 24. Kf2 Kd7 25. Bf1 Kc8 26. Bb5 Na7 27. Qe3 Rg6 28. Be2 Rh8 29. Rhg1 Nc6 30. Bd3 Rgh6 31. Rg3 Nd8 32. c4 Nc6 33. c5 Nd7 34. Bb5 Ndb8 35. Rag1 Rg6 36. Qc3 Nb4 37. Bf1 N8c6 38. Nf3 Rxg3 39. Rxg3 Rh6 40. Ke3 Na2 41. Qd2 Nab4 42. Qg2 Rh7 43. h4 Kb8 44. Rg6 Qf7 45. h5 Qe8 46. Bb5 Rxh5 47. Rxg7 Rh8 48. Bxc6 Nxc6 49. Qg6 Qxg6 50. Rxg6 Rh3 51. Kf2 Ka7 52. Kg2 Rxf3 53. Kxf3 Nxd4+ 54. Ke3 Nxb3 55. Rxe6 d4+ 56. Kf2 Nxc5 57. Rf6 Ne4+ 58. Ke1 c5 59. Rxf5 d3 60. e6 c4 61. Re5 Nd6 62. Kd2 1-0